Map: Coda ER

Players

DaviAtrockFC - Winner!

  • Race: Protoss Protoss
  • League: Silver
  • Spawn Location: 11:00

VOD

Have the link to the VOD?

Description

Time

  • Played on: April 1, 2017, 7:31 p.m.
  • Length: 4:46
Show
View Real Time Build Order
Export as new Build Order

DaviAtrockFC Protoss - Winner!

Build Orders: 1 Gate Expand 

Get SALT Encoding   

  12  0:06  Probe (Chrono Boost)  
  12  0:16  Pylon  
  12  0:18  Probe (Chrono Boost)  
  12  0:28  Probe (Chrono Boost)  
  12  0:35  Gateway  
  12  0:39  Probe (Chrono Boost)  
  12  0:46  Assimilator  
  12  0:49  Probe (Chrono Boost)  
  12  1:00  Probe (Chrono Boost)  
  12  1:10  Probe (Chrono Boost)  
  12  1:25  Nexus  
  12  1:39  Cybernetics Core  
  12  1:41  Probe (Chrono Boost)  
  12  1:51  Assimilator, Probe (Chrono Boost)  
  12  1:59  Pylon  
  12  2:02  Probe (Chrono Boost)  
  12  2:12  Probe (Chrono Boost)  
  12  2:20  Warp Gate  
  12  2:23  Probe (Chrono Boost)  
  12  2:33  Pylon  
  12  2:34  Mothership Core (Chrono Boost)  
  12  2:44  Probe (Chrono Boost)  
  12  2:52  Probe (Chrono Boost)  
  12  2:59  Probe (Chrono Boost)  
  12  3:03  Probe (Chrono Boost)  
  12  3:09  Probe (Chrono Boost)  
  12  3:13  Probe (Chrono Boost)  
  12  3:20  Probe (Chrono Boost)  
  12  3:24  Probe (Chrono Boost)  
  12  3:30  Gateway  
  12  3:31  Probe (Chrono Boost)  
  12  3:32  Gateway  
  12  3:33  Gateway  
  12  3:34  Probe (Chrono Boost)  
  12  3:41  Probe (Chrono Boost)  
  12  3:45  Probe (Chrono Boost)  
  12  3:46  Assimilator x2  
  12  3:52  Probe (Chrono Boost)  
  12  3:55  Probe (Chrono Boost)  
  12  4:02  Probe (Chrono Boost)  
  12  4:06  Probe (Chrono Boost)  
  12  4:10  Pylon  
  12  4:13  Probe (Chrono Boost), Pylon  
  12  4:16  Probe (Chrono Boost)  
  12  4:23  Probe (Chrono Boost)  
  12  4:27  Probe (Chrono Boost)  
Tags
 
Add a new tag
Caveats
  • Supply blocks, unpowered buildings, or Contaminate may cause inaccurate times.
  • Supply counts are checked every 10 seconds.